Map: Crista de Lerilak

Players

Flaccid

  • Race: Zerg Zerg
  • League: Master

TheZergLord - Winner!

  • Race: Zerg Zerg
  • League: Master

VOD

Have the link to the VOD?

Description

Time

  • Played on: Feb. 25, 2016, 11:23 a.m.
  • Length: 8:03
Show
View Real Time Build Order
Export as new Build Order

Flaccid Zerg 

Build Orders: Hatch First 

Get SALT Encoding   

  12  0:01  Drone  
  13  0:12  Overlord  
  13  0:16  Drone  
  14  0:30  Drone x2  
  14  0:34  Drone  
  17  0:53  Hatchery  
  17  0:57  Drone  
  17  0:58  Extractor  
  17  1:00  Drone  
  17  1:14  Spawning Pool  
  17  1:18  Drone  
  17  1:23  Drone  
  18  1:27  Drone  
  19  1:39  Overlord  
  19  1:49  Drone  
  20  2:02  Metabolic Boost, Queen  
  20  2:05  Queen  
  24  2:09  Zergling x2  
  24  2:14  Drone x2  
  27  2:20  Zergling x2  
  28  2:25  Zergling x2  
  29  2:32  Overlord  
  29  2:37  Overlord  
  29  2:46  Baneling Nest  
  29  2:48  Zergling x2  
  29  2:49  Zergling x4  
  31  3:01  Zergling x4  
  32  3:09  Zergling x2  
  32  3:12  Zergling x2  
  34  3:13  Zergling x6  
  34  3:18  Zergling x6  
  40  3:23  Overlord  
  40  3:28  Zergling x2  
  41  3:39  Zergling x4  
  38  3:43  Zergling x2  
  38  3:47  Zergling x6  
  38  3:48  Zergling x2  
  43  3:52  Zergling x2  
  43  3:53  Baneling x2  
  43  3:54  Baneling  
  44  3:55  Baneling  
  44  3:57  Baneling  
  41  4:13  Zergling x4  
  41  4:14  Zergling x2  
  41  4:18  Zergling x6  
  39  4:24  Zergling x6  
  39  4:28  Zergling x2  
  40  4:35  Zergling x6  
  43  4:43  Zergling x2  
  43  4:44  Zergling x4  
  42  4:53  Zergling x2  
  42  4:59  Zergling x2  
  41  5:00  Zergling x6  
  41  5:01  Baneling x2  
  41  5:05  Zergling x2  
  45  5:11  Zergling x4  
  46  5:22  Zergling x2  
  45  5:34  Zergling x4  
  44  5:40  Zergling x2  
  44  5:41  Zergling x6  
  44  5:42  Zergling x4  
  42  5:43  Zergling x2  
  42  5:50  Baneling x2  
  42  5:51  Baneling x2  
  42  5:55  Zergling x4  
  44  5:57  Baneling x2  
  44  6:05  Zergling x6  
  44  6:28  Zergling x8  
  44  6:29  Zergling x2  
  44  6:30  Zergling x6  
  42  6:44  Zergling x8  
  42  6:45  Zergling x2  
  40  6:55  Zergling x6  
  40  7:01  Baneling, Zergling x4  
  44  7:02  Baneling  
  44  7:03  Baneling  
  44  7:04  Baneling  
  43  7:09  Zergling x2  
  43  7:11  Baneling x2  
  44  7:16  Zergling x4  
  33  7:32  Zergling x4  
  33  7:33  Zergling x6  
  33  7:36  Baneling  
  36  7:37  Baneling x3  
  36  7:38  Baneling  
  36  7:49  Drone  
  36  7:50  Drone x3  
Show
View Real Time Build Order
Export as new Build Order

TheZergLord Zerg - Winner!

Build Orders: Hatch First, Zergling Baneling 

Get SALT Encoding   

  12  0:01  Drone  
  13  0:13  Overlord  
  13  0:17  Drone  
  14  0:31  Drone x2  
  14  0:35  Drone  
  17  0:53  Hatchery  
  17  0:56  Drone  
  17  0:59  Drone  
  18  1:09  Extractor  
  17  1:13  Spawning Pool  
  17  1:17  Drone  
  17  1:19  Drone  
  18  1:30  Drone  
  19  1:41  Overlord  
  19  2:00  Queen  
  19  2:01  Zergling x4  
  23  2:10  Queen  
  23  2:11  Drone  
  23  2:12  Metabolic Boost  
  27  2:15  Drone  
  27  2:21  Drone  
  28  2:29  Drone x2  
  30  2:31  Baneling Nest  
  30  2:34  Drone  
  30  2:39  Queen  
  32  2:45  Overlord  
  32  2:52  Drone  
  32  2:53  Zergling x2  
  32  2:58  Spine Crawler  
  33  3:01  Zergling x2  
  33  3:03  Zergling x2  
  34  3:23  Baneling  
  34  3:24  Baneling  
  34  3:31  Drone x6  
  34  3:32  Drone x2  
  41  3:46  Zergling x4  
  43  3:53  Baneling x4  
  43  3:56  Zergling x2  
  42  4:03  Overlord x2  
  39  4:17  Zergling x2  
  39  4:18  Zergling x8  
  39  4:33  Zergling x2  
  39  4:34  Zergling x8  
  43  4:40  Baneling x5  
  39  4:54  Zergling x8  
  39  4:58  Queen x2  
  45  5:05  Spine Crawler  
  45  5:06  Baneling x2  
  44  5:19  Zergling x10  
  48  5:33  Drone x2  
  47  5:45  Baneling  
  47  5:46  Baneling  
  47  5:49  Queen  
  46  5:50  Queen  
  50  5:58  Zergling x8  
  50  5:59  Zergling x2  
  55  6:08  Overlord  
  55  6:14  Baneling x2  
  47  6:38  Queen x2  
  48  6:40  Drone x9  
  48  6:46  Zergling x2  
  55  6:53  Baneling x3  
  55  6:54  Baneling  
  54  7:00  Zergling x4  
  56  7:02  Extractor  
  56  7:05  Roach Warren, Extractor  
  53  7:12  Overlord  
  53  7:15  Zergling x8  
  56  7:42  Overlord  
  56  7:43  Drone x2  
  56  7:44  Drone x3  
  63  7:46  Extractor  
Tags
 
Add a new tag
Caveats
  • Supply blocks, unpowered buildings, or Contaminate may cause inaccurate times.
  • Supply counts are checked every 10 seconds.